 Dungeon Crawl Stone Soup version 0.23.2-1-ga50397a (webtiles) character file.

Game seed: 543056873000103313

58 raph the Poker (level 4, -4/34 HPs)
             Began as a Merfolk Skald on May 26, 2019.
             Killed from afar by a goblin (27 damage)
             ... with an exploding inner flame
             ... led by Robin
             ... hexed by the player character
             ... on level 2 of the Dungeon.
             The game lasted 00:04:11 (1815 turns).

raph the Poker (Merfolk Skald)                      Turns: 1815, Time: 00:04:12

Health: -4/34      AC:  6    Str: 11    XL:     4   Next: 2%
Magic:  7/7        EV: 13    Int: 12    God:
Gold:   72         SH:  0    Dex: 14    Spells: 4/7 levels left

rFire    . . .     SeeInvis .   a - +0 spear
rCold    . . .     Gourm    .   (no shield)
rNeg     . . .     Faith    .   b - +0 leather armour
rPois    .         Spirit   .   (no helmet)
rElec    .         Reflect  .   (no cloak)
rCorr    .         Harm     .   k - +1 pair of gloves
MR       .....                  l - +0 pair of boots
Stlth    +.........             (no amulet)
HPRegen  0.11/turn              (no ring)
MPRegen  0.10/turn              (no ring)

@: very slightly contaminated, invisible
A: change form in water, swift swim, stealthy swim
a: no special abilities


You were on level 2 of the Dungeon.
You were not hungry.

You visited 1 branch of the dungeon, and saw 2 of its levels.

You collected 72 gold pieces.

Inventory:

Hand Weapons
 a - a +0 spear (weapon)
Missiles
 i - 80 stones (quivered)
Armour
 b - a +0 leather armour (worn)
 k - a +1 pair of gloves (worn)
 l - a +0 pair of boots (worn)
Scrolls
 c - a scroll of identify
Potions
 e - a potion of degeneration
 n - a potion of flight {unknown}
Comestibles
 d - 6 rations
 m - 2 chunks of flesh


   Skills:
 + Level 2.6 Fighting
 * Level 3.9 Polearms
 + Level 1.1 Armour
 + Level 3.1 Dodging
 + Level 2.3 Spellcasting
 * Level 3.8 Charms


You had 4 spell levels left.
You knew the following spells:

 Your Spells              Type           Power        Failure   Level  Hunger
a - Infusion              Chrm           ##..         7%          1    ##.....
b - Shroud of Golubria    Chrm/Tloc      #.........   24%         2    ###....

Your spell library contained the following spells:

 Spells                   Type           Power        Failure   Level  Hunger
 Song of Slaying          Chrm           ##......     11%         2    ###....
 Regeneration             Chrm/Necr      #.........   43%         3    ####...
 Spectral Weapon          Hex/Chrm       #.......     43%         3    ####...


Dungeon Overview and Level Annotations

Branches:
Dungeon (2/15)

Altars:

Annotations:
D:2 Robin


Message History

You feel as if something is helping you.
It was a scroll of remove curse.
The goblin misses you. The hobgoblin hits you with a +0 club.
As you read the scroll labeled VAWEYG GORIH, it crumbles to dust.
It is a scroll of enchant armour.
Your +0 pair of gloves glows green for a moment.
The goblin hits you with a +0 dagger. The hobgoblin misses you.
As you read the scroll labeled YRIUNT YJEODGHAV, it crumbles to dust.
The creatures around you are filled with an inner flame!
It was a scroll of immolation.
The goblin hits you but does no damage. The hobgoblin hits you with a +0 club!
It was a potion of invisibility.
You fade into invisibility!
The goblin misses you. The hobgoblin barely misses you.
You are very lightly contaminated with residual magic.
You hit the goblin.
The goblin explodes!
The fiery explosion engulfs you!!
Ouch! That really hurt!
You die...

#### ## # #.. ..# ..
### #.# ###.####
..####.####.###......#
...................#
##.....##.#.#.#..#
##§§§###.#.#.#..#
##§## #.#.#....# #@#
#........# #g#
###.#.##.# #g#
#.#...##


ggg #......## .ggg. ###.....### ..gggg. #..#..### ....K.... #..#..###
+b.....(.g' ....#..### #.........####..#..##. You could see 6 hobgoblins, 6
goblins and a kobold (inner flame).

Vanquished Creatures
  A gnoll (D:1)
  An adder (D:2)
  An ooze (D:2)
  A leopard gecko (D:1)
  4 goblins
  6 hobgoblins
  7 bats
  A frilled lizard (D:1)
  7 kobolds
  4 rats
33 creatures vanquished.

Notes
Turn   | Place    | Note
-------+----------+-------------------------------------------
     0 | D:1      | raph the Merfolk Skald began the quest for the Orb.
     0 | D:1      | Reached XP level 1. HP: 16/16 MP: 3/3
   268 | D:1      | Reached XP level 2. HP: 22/22 MP: 0/5
   288 | D:1      | Learned a level 2 spell: Shroud of Golubria
   671 | D:1      | Reached skill level 1 in Armour
   671 | D:1      | Reached XP level 3. HP: 6/28 MP: 2/6
  1722 | D:2      | Reached XP level 4. HP: 34/34 MP: 7/7
  1807 | D:2      | Noticed Robin
  1815 | D:2      | Killed from afar by a goblin

Skill      XL: |  1  2  3 |
---------------+----------+-----
Armour         | 1 |  1.1
Dodging        | 3 |  3.1
Fighting       | |  2.6
Polearms       | |  3.9
Spellcasting   | |  2.3
Charms         | |  3.8

Action                   |  1- 3 |  4- 6 || total
-------------------------+-------+-------++-------
Melee: Spear             |   100 |     3 ||   103
 Cast: Infusion          |    14 |     1 ||    15
  Use: Scroll            |       |     4 ||     4
       Potion            |       |     1 ||     1
 Stab: Sleeping          |     1 |       ||     1
  Eat: Chunk             |     3 |       ||     3
Armor: Leather armour    |    19 |     2 ||    21
Dodge: Dodged            |    43 |     7 ||    50
